 Dungeon Crawl Stone Soup version 0.27-a0-808-g60bc5d92e6 (webtiles) character file.

Game seed: 16851735681053532546

177 caek the Magician (level 5, 0/35 HPs)
             Began as a Djinni Fire Elementalist on Mar 28, 2021.
             Slain by a scorpion (3 damage)
             ... on level 4 of the Dungeon.
             The game lasted 00:05:53 (4773 turns).

caek the Magician (Djinni Fire Elementalist)        Turns: 4773, Time: 00:05:54

Health: 0/35       AC:  2    Str:  7    XL:     5   Next: 57%
Gold:   143        EV: 13    Int: 18    God:
                   SH:  0    Dex: 19

rFire    + + .     SeeInvis .   c - +0 dagger
rCold    x . .     Faith    .   (no shield)
rNeg     + . .     Spirit   .   a - +0 robe
rPois    ∞         Reflect  .   (no helmet)
rElec    .         Harm     .   (no cloak)
rCorr    .         Rampage  .   (no gloves)
Will     .....                  (boots unavailable)
Stlth    +++.......             (no amulet)
HPRegen  0.11/turn              j - ring of positive energy
MPRegen  0.00/turn              e - +6 ring of dexterity

@: flying
A: fire resistance 2, cold vulnerability 1, float, innate caster, hp casting,
extra vitality 1
a: no special abilities


You were on level 4 of the Dungeon.
You visited 1 branch of the dungeon, and saw 4 of its levels.

You collected 143 gold pieces.

Inventory:

Hand Weapons
 c - a +0 dagger (weapon)
Armour
 a - a +0 robe (worn)
Jewellery
 e - a +6 ring of dexterity (right hand)
 j - a ring of positive energy (left hand)
 n - a ring of wizardry
Wands
 r - a wand of polymorph (4)
Scrolls
 b - a scroll of teleportation {unknown}
 d - a scroll of magic mapping {unknown}
 h - a scroll of fear {unknown}
 k - a scroll of amnesia {unknown}
 l - 2 scrolls of identify {unknown}
 m - a scroll of enchant weapon {unknown}
 q - a scroll of vulnerability {unknown}
Potions
 f - 2 potions of lignification {unknown}
 g - 2 potions of mutation {unknown}
 i - a potion of curing {unknown}
 o - a potion of degeneration {unknown}
 p - a potion of haste {unknown}
 s - a potion of resistance {unknown}
 t - a potion of invisibility {unknown}


   Skills:
 + Level 3.4 Dodging
 + Level 3.2 Stealth
 + Level 3.9 Spellcasting


You couldn't memorise any spells.
You knew the following spells:

 Your Spells              Type           Power      Damage    Failure   Level
a - Foxfire               Conj/Fire      68%        2x1d7     3%          1
b - Conjure Flame         Conj/Fire      17%        6-21      9%          3
c - Inner Flame           Hex/Fire       17%        N/A       9%          3
d - Sticky Flame          Conj/Fire      17%        2d4       28%         4
e - Fireball              Conj/Fire      8%         3d6       63%         5
f - Sting                 Tmut/Pois      68%        1d6       3%          1
g - Slow                  Hex            17%        N/A       4%          2
Your spell library was empty.

Dungeon Overview and Level Annotations

Branches:
Dungeon (4/15)
 Temple: D:4-7

Altars:
Fedhas
Nemelex Xobeh
Trog
The Shining One

Annotations:
D:3 Natasha


Innate Abilities, Weirdness & Mutations

You are immune to poison.
Your flesh is very heat resistant. (rF++)
You are vulnerable to cold. (rC-)
You float through the air rather than walking.
You learn spells naturally, not from books.
Your magical power is your life essence.
You have superior vitality. (+4 HP)


Message History

The giant cockroach is heavily wounded.
The giant cockroach misses you.
You feel yourself speed up. The giant cockroach barely misses you.
Casting: Foxfire (safe; 3% risk of failure)
Confirm with . or Enter, or press ? or * to list all spells.
You conjure some foxfire!
* * * LOW HITPOINT WARNING * * *
The giant cockroach bites you but does no damage.
The giant cockroach misses you.
The giant cockroach bites you but does no damage.
Your foxfire dissipates!
The foxfire hits the giant cockroach but does no damage.
The giant cockroach is heavily wounded.
The giant cockroach barely misses you.
Casting: Foxfire (safe; 3% risk of failure)
Confirm with . or Enter, or press ? or * to list all spells.
You conjure some foxfire!
* * * LOW HITPOINT WARNING * * *
The giant cockroach bites you.
* * * LOW HITPOINT WARNING * * *
The foxfire hits the giant cockroach but does no damage.
The giant cockroach is heavily wounded.
The foxfire hits the giant cockroach.
You kill the giant cockroach!
The scorpion misses you.
Casting: Foxfire (safe; 3% risk of failure)
Confirm with . or Enter, or press ? or * to list all spells.
You conjure some foxfire!
* * * LOW HITPOINT WARNING * * *
The scorpion misses you.
The foxfire hits the scorpion but does no damage.
The scorpion barely misses you.
Your foxfire dissipates!
Casting: Foxfire (safe; 3% risk of failure)
Confirm with . or Enter, or press ? or * to list all spells.
You conjure some foxfire!
* * * LOW HITPOINT WARNING * * *
The scorpion stings you.
You die...

.......##
........# .....
#<# .. .
.....##.###.... ..
......#...........
........###......
......#.## .!
.....##..###.#
#...# ##.s@v.#
#### #######


You could see a scorpion (ally target).

Vanquished Creatures
  Natasha (twice) (D:3)
  A howler monkey zombie (D:2)
  A gnoll (D:1)
  5 adders
  2 worms
  A dart slug (D:3)
  An orc (D:3)
  4 endoplasms
  3 giant cockroaches
  4 hobgoblins
  4 jackals
  2 quokkas (D:2)
  8 ball pythons
  5 bats
  2 frilled lizards
  4 goblins
  4 kobolds
  5 rats
58 creatures vanquished.

Vanquished Creatures (others)
  325 foxfires
325 creatures vanquished.

Grand Total: 383 creatures vanquished

Notes
Turn   | Place    | Note
-------+----------+-------------------------------------------
     0 | D:1      | caek the Djinni Fire Elementalist began the quest for the
                  | Orb.
     0 | D:1      | Reached XP level 1. HP: 15/15 MP: 0/0
   411 | D:1      | Reached XP level 2. HP: 18/21 MP: 0/0
   906 | D:1      | Reached XP level 3. HP: 24/25 MP: 0/0
   906 | D:1      | Learned a level 1 spell: Sting
  1797 | D:2      | Reached XP level 4. HP: 12/31 MP: 0/0
  2362 | D:2      | Found a bloodstained altar of Trog.
  2897 | D:2      | Found a glowing golden altar of the Shining One.
  2897 | D:2      | Found a sparkling altar of Nemelex Xobeh.
  3969 | D:3      | Reached XP level 5. HP: 34/35 MP: 0/0
  3969 | D:3      | Learned a level 2 spell: Slow
  4252 | D:3      | Found a blossoming altar of Fedhas.
  4504 | D:3      | Noticed Natasha
  4514 | D:3      | Killed Natasha
  4674 | D:3      | Noticed Natasha
  4686 | D:3      | Killed Natasha
  4723 | D:3      | Noticed Natasha
  4773 | D:4      | Slain by a scorpion

Illustrated notes

Levels and vault maps discovered:
D:1:      minmay_arrival_loop, layout_basic
D:2:      layout_loops_ring, gammafunk_temple_overflow_pools, serial_rivers,
          chequers_serial_rivers_small_a, chequers_serial_rivers_micro_a,
          chequers_serial_rivers_micro_d, chequers_serial_rivers_large_b,
          kennysheep_pointless_box, trog_book
D:3:      layout_basic, minmay_misc_feat_roman, fedhas_altar_2, uniq_natasha
D:4:      layout_rooms, grunt_temple_overflow_open, hangedman_decor_growths

Skill      XL: |  1  2  3  4  5 |
---------------+----------------+-----
Stealth        | 2 3 |  3.2
Spellcasting   | 3 |  3.9
Dodging        | 3 |  3.4

Action                   |  1- 3 |  4- 6 || total
-------------------------+-------+-------++-------
Melee: Dagger            |     5 |     5 ||    10
 Cast: Foxfire           |    70 |   129 ||   199
Armor: Robe              |     2 |     3 ||     5
Dodge: Dodged            |    13 |    27 ||    40

Table legend: (Time is in decaauts)
 A = Elapsed time spent in this place.
 B = Non-inter-level travel time spent in this place.
 C = Inter-level travel time spent in this place.
 D = Time resting spent in this place.
 E = Time spent auto-exploring this place.
 F = Levels seen in this place.
 G = Mean time per level.
                   A        B        C        D        E       F      G
               +--------+--------+--------+--------+--------+-----+--------+
         Total |   4782 |   4695 |     87 |      3 |   4123 |   4 | 1195.5 |
       Dungeon |   4782 |   4695 |     87 |      3 |   4123 |   4 | 1195.5 |
               +--------+--------+--------+--------+--------+-----+--------+

Top non-repeatable levels by time:
     D:2: 1703 daAuts
     D:1: 1535 daAuts
     D:3: 1519 daAuts
     D:4: 24 daAuts
